General information
- name: BNet
- type: Ladder team game (AT/RT)
- host: Battle.net
- saver: trainingfort
map: Battleground
- players: 8
- length: 16:25
- speed: Fast
- version: 1.24 W3XP
- replay type: Public
» download(183 KB)
Players
team 1 (loser)

»
Merlekiller (
purple | 80 APM | 1301 actions | 16:18)
4 Dark Ranger
2 Black Arrow
2 Silence
3 Firelord
2 Summon Lava Spawn
1 Soul Burn
» actions
| Assign group hotkey | 49 | |
| Basic commands | 10 | |
| Build / train | 56 | |
| ESC pressed | 1 | |
| Enter build submenu | 16 | |
| Enter hero's abilities submenu | 7 | |
| Give item / drop item | 1 | |
| Right click | 629 | |
| Select / deselect | 244 | |
| Select group hotkey | 249 | |
| Use ability | 39 | |
1301 total
» units
| Wisp | 15 | |
| Archer | 12 | |
| Chimaera | 5 | |
| Hippogryph | 4 | |
36 total
» upgrades
» buildings
| Ancient of War | 1 | |
| Moon Well | 7 | |
| Altar of Elders | 1 | |
| Tree of Ages | 3 | |
| Ancient of Wonders | 1 | |
| Tree of Eternity | 1 | |
| Ancient of Wind | 2 | |
| Chimaera Roost | 2 | |
18 total
» build order
00:12 Ancient of War
00:23 Moon Well
01:16 Moon Well
01:29 Altar of Elders
02:15 Moon Well
03:17 Tree of Ages
03:17 Tree of Ages
03:43 Moon Well
04:22 Ancient of Wonders
05:00 Moon Well
05:48 Tree of Eternity
05:51 Ancient of Wind
08:15 Chimaera Roost
08:16 Chimaera Roost
08:30 Moon Well
08:31 Moon Well
14:37 Ancient of Wind
» items
Lightweight (
pink | 121 APM | 1852 actions | 15:19)
4 Mountain King
2 Storm Bolt
2 Bash
2 Paladin
1 Divine Shield
1 Holy Light
» actions
| Assign group hotkey | 36 | |
| Basic commands | 28 | |
| Build / train | 58 | |
| ESC pressed | 1 | |
| Enter build submenu | 14 | |
| Enter hero's abilities submenu | 7 | |
| Give item / drop item | 4 | |
| Right click | 1076 | |
| Select / deselect | 266 | |
| Select group hotkey | 299 | |
| Use ability | 63 | |
1852 total
» units
| Peasant | 14 | |
| Footman | 6 | |
| Spell Breaker | 17 | |
37 total
» buildings
| Altar of Kings | 1 | |
| Barracks | 1 | |
| Farm | 6 | |
| Keep | 1 | |
| Arcane Vault | 2 | |
| Lumber Mill | 1 | |
| Arcane Sanctum | 2 | |
14 total
» build order
00:08 Altar of Kings
00:18 Barracks
00:33 Farm
01:13 Farm
01:53 Farm
02:53 Keep
03:10 Farm
03:22 Arcane Vault
03:24 Arcane Vault
04:10 Farm
04:48 Lumber Mill
05:15 Arcane Sanctum
05:17 Arcane Sanctum
06:41 Farm
» items
| Boots of Speed | 1 | |
| Scroll of Regeneration | 3 | |
| Lesser Clarity Potion | 4 | |
| Potion of Healing | 1 | |
| Potion of Mana | 1 | |
10 total
imallicons (
green | 80 APM | 1145 actions | 14:13)
3 Mountain King
2 Storm Bolt
1 Bash
» actions
| Assign group hotkey | 25 | |
| Basic commands | 19 | |
| Build / train | 60 | |
| ESC pressed | 1 | |
| Enter build submenu | 13 | |
| Enter hero's abilities submenu | 3 | |
| Give item / drop item | 1 | |
| Right click | 436 | |
| Select / deselect | 212 | |
| Select group hotkey | 306 | |
| Use ability | 69 | |
1145 total
» units
| Peasant | 9 | |
| Footman | 19 | |
| Rifleman | 11 | |
39 total
» upgrades
» buildings
| Barracks | 3 | |
| Farm | 7 | |
| Altar of Kings | 1 | |
| Arcane Vault | 1 | |
| Keep | 1 | |
| Blacksmith | 1 | |
14 total
» build order
00:07 Barracks
00:09 Barracks
00:20 Farm
00:34 Altar of Kings
00:53 Farm
01:43 Farm
02:27 Arcane Vault
03:45 Farm
03:56 Keep
04:21 Farm
04:23 Farm
05:24 Farm
06:07 Barracks
06:09 Blacksmith
» items
| Lesser Clarity Potion | 3 | |
| Scroll of Regeneration | 4 | |
| Boots of Speed | 1 | |
| Dust of Appearance | 1 | |
| Potion of Healing | 1 | |
| Potion of Mana | 1 | |
| Potion of Lesser Invulnerability | 1 | |
12 total

»
kant2 (
teal | 45 APM | 739 actions | 16:24)
4 Archmage
2 Summon Water Elemental
2 Brilliance Aura
2 Paladin
1 Holy Light
1 Divine Shield
» actions
| Build / train | 43 | |
| Enter build submenu | 21 | |
| Enter hero's abilities submenu | 6 | |
| Right click | 392 | |
| Select / deselect | 227 | |
| Use ability | 50 | |
739 total
» units
| Peasant | 8 | |
| Footman | 4 | |
| Gryphon Rider | 9 | |
| Dragonhawk Rider | 1 | |
22 total
» upgrades
| Lumber Harvesting | 1 | |
| Storm Hammers | 1 | |
2 total
» buildings
| Altar of Kings | 1 | |
| Farm | 11 | |
| Barracks | 1 | |
| Scout Tower | 1 | |
| Keep | 1 | |
| Arcane Vault | 1 | |
| Arcane Tower | 1 | |
| Lumber Mill | 1 | |
| Castle | 1 | |
| Gryphon Aviary | 3 | |
| Blacksmith | 1 | |
23 total
» build order
00:08 Altar of Kings
00:12 Farm
00:44 Barracks
00:57 Farm
01:37 Farm
01:55 Scout Tower
02:35 Keep
02:47 Arcane Vault
02:52 Arcane Tower
03:17 Lumber Mill
05:15 Castle
05:55 Gryphon Aviary
05:57 Gryphon Aviary
05:59 Gryphon Aviary
07:10 Farm
09:32 Farm
09:34 Farm
10:20 Farm
10:23 Farm
10:25 Farm
12:02 Farm
12:05 Blacksmith
13:02 Farm
» items
| Scroll of Regeneration | 3 | |
| Lesser Clarity Potion | 3 | |
| Potion of Healing | 2 | |
8 total
team 2 (winner)
grimfoLf (
orange | 138 APM | 2263 actions | 16:24)
4 Death Knight
2 Death Coil
2 Unholy Aura
5 Lich
3 Frost Nova
2 Frost Armor
» actions
| Assign group hotkey | 431 | |
| Basic commands | 108 | |
| Build / train | 64 | |
| ESC pressed | 2 | |
| Enter build submenu | 15 | |
| Enter hero's abilities submenu | 9 | |
| Give item / drop item | 8 | |
| Right click | 716 | |
| Select / deselect | 244 | |
| Select group hotkey | 603 | |
| Use ability | 63 | |
2263 total
» units
| Acolyte | 4 | |
| Ghoul | 2 | |
| Crypt Fiend | 10 | |
| Frost Wyrm | 16 | |
32 total
» upgrades
» buildings
| Graveyard | 1 | |
| Crypt | 1 | |
| Altar of Darkness | 1 | |
| Ziggurat | 7 | |
| Tomb of Relics | 1 | |
| Halls of the Dead | 3 | |
| Nerubian Tower | 1 | |
| Black Citadel | 4 | |
| Sacrificial Pit | 1 | |
| Boneyard | 2 | |
22 total
» build order
00:06 Graveyard
00:11 Crypt
00:41 Altar of Darkness
00:58 Ziggurat
01:24 Tomb of Relics
02:01 Ziggurat
03:21 Halls of the Dead
03:21 Halls of the Dead
03:55 Ziggurat
04:59 Nerubian Tower
06:02 Black Citadel
06:02 Black Citadel
06:03 Black Citadel
06:10 Sacrificial Pit
06:27 Ziggurat
08:33 Boneyard
09:22 Boneyard
09:35 Ziggurat
09:36 Ziggurat
10:10 Ziggurat
» items
| Rod of Necromancy | 2 | |
| Healing Salve | 1 | |
| Orb of Corruption | 1 | |
| Scroll of Town Portal | 1 | |
5 total

»
Gutschein (
yellow | 127 APM | 2086 actions | 16:24)
6 Tauren Chieftain
3 Endurance Aura
2 War Stomp
1 Reincarnation
» actions
| Assign group hotkey | 38 | |
| Build / train | 79 | |
| Enter build submenu | 13 | |
| Enter hero's abilities submenu | 6 | |
| Right click | 793 | |
| Select / deselect | 300 | |
| Select group hotkey | 786 | |
| Use ability | 71 | |
2086 total
» units
| Peon | 11 | |
| Troll Headhunter/Berserker | 22 | |
| Shaman | 8 | |
41 total
» upgrades
| Troll Regeneration | 1 | |
| Ranged Weapons | 3 | |
| Shaman Training | 2 | |
| Berserker Upgrade | 1 | |
7 total
» buildings
| Altar of Storms | 1 | |
| Orc Burrow | 4 | |
| War Mill | 1 | |
| Barracks | 2 | |
| Voodoo Lounge | 1 | |
| Stronghold | 2 | |
| Fortress | 2 | |
| Spirit Lodge | 1 | |
14 total
» build order
00:05 Altar of Storms
00:14 Orc Burrow
01:39 War Mill
01:42 Barracks
01:57 Barracks
02:11 Orc Burrow
02:44 Voodoo Lounge
03:50 Orc Burrow
04:30 Stronghold
04:30 Stronghold
06:09 Orc Burrow
07:05 Fortress
07:05 Fortress
07:16 Spirit Lodge
» items
| Scroll of Town Portal | 2 | |
| Lesser Clarity Potion | 3 | |
| Healing Salve | 4 | |
| Scroll of Speed | 2 | |
| Orb of Lightning | 1 | |
| Potion of Healing | 2 | |
14 total
t1g3r-cL0w (
blue | 115 APM | 1888 actions | 16:24)
5 Blademaster
3 Wind Walk
2 Critical Strike
2 Shadow Hunter
1 Healing Wave
1 Hex
» actions
| Assign group hotkey | 42 | |
| Basic commands | 197 | |
| Build / train | 55 | |
| Enter build submenu | 20 | |
| Enter hero's abilities submenu | 7 | |
| Give item / drop item | 2 | |
| Remove unit from queue | 3 | |
| Right click | 1048 | |
| Select / deselect | 220 | |
| Select group hotkey | 175 | |
| Use ability | 119 | |
1888 total
» units
| Peon | 10 | |
| Grunt | 7 | |
| Shaman | 2 | |
| Tauren | 2 | |
21 total
» upgrades
| Melee Weapons | 2 | |
| Armor | 1 | |
| Shaman Training | 3 | |
| Pulverize | 1 | |
7 total
» buildings
| Altar of Storms | 1 | |
| Orc Burrow | 7 | |
| Barracks | 1 | |
| Voodoo Lounge | 1 | |
| Stronghold | 1 | |
| War Mill | 1 | |
| Watch Tower | 2 | |
| Fortress | 2 | |
| Spirit Lodge | 2 | |
| Tauren Totem | 3 | |
| Beastiary | 1 | |
22 total
» build order
00:09 Altar of Storms
00:14 Orc Burrow
00:38 Barracks
01:20 Orc Burrow
02:03 Voodoo Lounge
03:35 Stronghold
03:41 Orc Burrow
04:36 War Mill
05:56 Watch Tower
06:03 Watch Tower
07:09 Fortress
07:09 Fortress
07:13 Spirit Lodge
09:17 Orc Burrow
09:21 Orc Burrow
09:39 Tauren Totem
10:59 Spirit Lodge
11:33 Tauren Totem
11:39 Tauren Totem
12:47 Beastiary
15:41 Orc Burrow
16:17 Orc Burrow
» items
| Healing Salve | 2 | |
| Scroll of Speed | 2 | |
| Lesser Clarity Potion | 2 | |
| Boots of Speed | 1 | |
| Circlet of Nobility | 1 | |
| Potion of Healing | 1 | |
9 total

»
trainingfort (
red | 121 APM | 1986 actions | 16:25)
3 Demon Hunter
2 Mana Burn
1 Evasion
4 Pandaren Brewmaster
2 Breath of Fire
2 Drunken Haze
» actions
| Assign group hotkey | 36 | |
| Basic commands | 17 | |
| Build / train | 54 | |
| ESC pressed | 1 | |
| Enter build submenu | 15 | |
| Enter hero's abilities submenu | 7 | |
| Give item / drop item | 2 | |
| Right click | 674 | |
| Select / deselect | 591 | |
| Select group hotkey | 508 | |
| Use ability | 80 | |
1986 total
» units
» upgrades
| Abolish Magic | 1 | |
| Ultravision | 1 | |
| Strength of the Wild | 1 | |
| Reinforced Hides | 1 | |
4 total
» buildings
| Altar of Elders | 1 | |
| Ancient of War | 1 | |
| Moon Well | 7 | |
| Tree of Ages | 3 | |
| Hunter's Hall | 1 | |
| Ancient of Lore | 2 | |
| Ancient of Wonders | 1 | |
| Tree of Life | 1 | |
17 total
» build order
00:05 Altar of Elders
00:15 Ancient of War
00:22 Moon Well
01:41 Moon Well
02:33 Tree of Ages
02:33 Tree of Ages
03:56 Hunter's Hall
03:57 Moon Well
05:04 Ancient of Lore
05:29 Ancient of Lore
05:31 Moon Well
06:06 Ancient of Wonders
09:06 Moon Well
09:09 Moon Well
09:36 Moon Well
15:25 Tree of Life
» items
| Scroll of Town Portal | 1 | |
| Staff of Preservation | 1 | |
2 total
Chat log
(00:12 / Allies) Gutschein: blue unit
(00:13 / Allies) grimfoLf: 100
(00:14 / All) Lightweight: grimfolf i want a b aby from u
(00:17 / Allies) t1g3r-cL0w: sham tau
(00:20 / Allies) t1g3r-cL0w: taur
(00:21 / Allies) Gutschein: kk me hh tc
(00:55 / All) Lightweight: imallicons
(00:57 / All) Lightweight: megan ub
(00:58 / All) Lightweight: gg
(01:00 / All) Lightweight: already
(01:08 / All) grimfoLf: just stfu
(01:18 / All) Lightweight: stfu yourself nub bitch
(01:25 / All) Lightweight: u always play like shit
(01:26 / All) Lightweight: grim
(01:32 / All) grimfoLf: just stfu
(01:38 / All) Lightweight: thats just cause u are shit
(01:50 / All) Gutschein: cause isnt = because
(01:51 / All) Gutschein: ;)
(02:04 / All) Lightweight: i know
(02:10 / All) Lightweight: but idgaf
(03:56 / Allies) Gutschein: orange
(05:42 / Allies) t1g3r-cL0w: mass
(05:45 / Allies) Gutschein: me 2
(06:13 / Allies) trainingfort: let me do
(06:14 / Allies) trainingfort: for lvl 3
(06:16 / Allies) Gutschein: go
(06:17 / Allies) Gutschein: blue
(06:24 / Allies) trainingfort: ty
(08:21 / Allies) Gutschein: why not tp?
(08:26 / Allies) t1g3r-cL0w: np
(08:26 / Allies) t1g3r-cL0w: ^^
(08:38 / Allies) grimfoLf: wood
(08:49 / Allies) Gutschein: bleu back
(08:49 / Allies) Gutschein: ..
(08:50 / Allies) Gutschein: omg
(08:51 / Allies) Gutschein: blue
(08:52 / Allies) Gutschein: with outhero
(08:53 / Allies) Gutschein: lol
(08:55 / Allies) t1g3r-cL0w: np
(08:56 / Allies) t1g3r-cL0w: ^^
(09:16 / Allies) trainingfort: t[
(09:21 / Allies) trainingfort: t[p
(09:32 / Allies) Gutschein: better to lose 3 fiends
(09:32 / Allies) Gutschein: ;)
(09:32 / Allies) grimfoLf: wood
(10:07 / Allies) Gutschein: b mneed items
(10:08 / Allies) Gutschein: sek
(10:30 / Allies) Gutschein: gio
(10:31 / Allies) Gutschein: go
(10:38 / Allies) grimfoLf: wood
(11:27 / Allies) t1g3r-cL0w: thx
(12:26 / Allies) t1g3r-cL0w: b
(12:27 / Allies) t1g3r-cL0w: ^^
(12:28 / Allies) Gutschein: LOL?
(12:30 / Allies) Gutschein: FASTER MB?
(12:31 / Allies) t1g3r-cL0w: yea
(12:32 / Allies) t1g3r-cL0w: lol
(12:36 / Allies) t1g3r-cL0w: we 2 vs 4
(12:37 / Allies) t1g3r-cL0w: ^^
(12:40 / Allies) Gutschein: yea but
(12:42 / Allies) trainingfort: not really smart
(12:42 / Allies) Gutschein: u used tp
(12:43 / Allies) Gutschein: before
(13:03 / Allies) grimfoLf: wood
(13:12 / Allies) Gutschein: gold for tp
(13:13 / Allies) Gutschein: fast
(14:18 / All) Lightweight: what a team
(14:20 / All) Lightweight: what a team
(14:21 / All) grimfoLf: ^^
(14:33 / All) Gutschein: green is funny
(14:34 / Allies) t1g3r-cL0w: thx
(14:56 / All) Lightweight: y so funny
(14:57 / All) Lightweight: ahha
(15:01 / All) Gutschein: rly
(15:07 / All) grimfoLf: Owned^^
(15:28 / Allies) Gutschein: got no tp
(15:34 / Allies) t1g3r-cL0w: me 2
(15:35 / Allies) Gutschein: mhm win anyway
(15:37 / Allies) trainingfort: wont need
(15:48 / Allies) t1g3r-cL0w: i think the same xyD